 Dungeon Crawl Stone Soup version 0.29.0-4-gdea44cf6ec (webtiles) character file.

Game seed: 16462896571656974763

266 qw the Chopper (level 6, -13/35 HPs)
             Began as a Tengu Warper on Aug 28, 2022.
             Mangled by an ogre
             ... wielding a +0 giant spiked club
              (21 damage)
             ... on level 4 of the Dungeon.
             The game lasted 00:00:18 (3222 turns).

qw the Chopper (Tengu Warper)                       Turns: 3222, Time: 00:00:19

Health: -13/35     AC:  5    Str: 13    XL:     6   Next: 20%
Magic:  10/10      EV: 11    Int: 13    God:
Gold:   187        SH:  9    Dex: 14    Spells: 9/9 levels left

rFire   . . .      SeeInvis .   Y - +0 hand axe (flame)
rCold   . . .      Faith    .   a - +0 kite shield
rNeg    . . .      Spirit   .   m - +0 ring mail
rPois   .          Reflect  .   (helmet restricted)
rElec   .          Harm     .   (no cloak)
rCorr   .          Rampage  .   (no gloves)
Will    .....                   (boots unavailable)
Stlth   +.........              (no amulet)
HPRegen 0.11/turn               (no ring)
MPRegen 0.12/turn               (no ring)

@: flying quickly and evasively, quick
A: beak, talons 3, nimble flight, horns 1
a: no special abilities


You were on level 4 of the Dungeon.
You visited 1 branch of the dungeon, and saw 4 of its levels.

You collected 187 gold pieces.


Innate Abilities, Weirdness & Mutations

You have a beak for a mouth.
You have claws for feet.
Your magical nature lets you fly swiftly and evasively.
You have a pair of small horns on your head.


   Skills:
 - Level 2.0 Fighting
 + Level 5.4 Axes
 - Level 1.0 Throwing
 - Level 1.1 Armour
 - Level 2.1 Dodging
 - Level 3.7 Shields
 - Level 2.0 Spellcasting
 - Level 2.4 Translocations


You had 9 spell levels left.
You didn't know any spells.
Your spell library contained the following spells:

 Spells                   Type           Power      Damage    Failure   Level
 Blink                    Tloc           14%        N/A       67%         2
 Gell's Gravitas          Tloc           7%         N/A       88%         3
 Lesser Beckoning         Tloc           7%         N/A       88%         3
 Teleport Other           Tloc           7%         N/A       88%         3
 Manifold Assault         Tloc           7%         N/A       100%        5

Inventory:

Hand Weapons
 Y - a +0 hand axe of flaming (weapon)
Armour
 a - a +0 kite shield (worn)
 m - a +0 ring mail (worn)
Jewellery
 d - a ring of fire
Scrolls
 b - a scroll of identify
Potions
 f - 2 potions of mutation
 j - a potion of might {unknown}
 k - a potion of haste
 n - 2 potions of curing
 o - a potion of cancellation {unknown}

Dungeon Overview and Level Annotations

Branches:
Dungeon (4/15)
 Temple: D:4-7

Altars:


Message History

The scorpion is almost dead.
You feel sick. The scorpion stings you.
You are lethally poisoned!
The scorpion poisons you! The scorpion barely misses you.
You slash the scorpion! You burn the scorpion.
You kill the scorpion!
You feel very sick.
Your Axes skill increases to level 5!
You have reached level 6!
2997 ||| DRINKING 3 potions of curing.
You feel better.
2997 ||| (to cure poison)
You start resting.
HP restored.
i - 3 javelins (gained 1)
Found 5 stones.
An ogre comes into view. It is wielding a +0 giant spiked club.
The ogre shouts!
Throw: 3 javelins
Press: ? - help, Q - select action Shift-Dir - straight line, f - ogre You throw a javelin.
The javelin pierces through the ogre but does no damage.
Throw: 2 javelins
Press: ? - help, Q - select action Shift-Dir - straight line, f/p - ogre You throw a javelin.
The javelin pierces through the ogre.
The ogre is lightly wounded.
Throw: javelin
Press: ? - help, Q - select action Shift-Dir - straight line, f/p - ogre You throw a javelin.
The javelin pierces through the ogre.
The ogre is lightly wounded.
You barely miss the ogre. You peck the ogre, but do no damage.
The ogre is lightly wounded.
The ogre hits you with a +0 giant spiked club!!
Ouch! That really hurt!
You slash the ogre! You burn the ogre. Your kick misses the ogre.
The ogre is heavily wounded.
You block the ogre's attack.
You hit the ogre. You burn the ogre.
The ogre is severely wounded.
The ogre hits you with a +0 giant spiked club!!
Ouch! That really hurt!
You die...

#.?....#.######
######.....####
#####.#.#.....
#........####. #
#.####.#.##...
#...####.#.?..#
..............#
########.####..#
#O@# .#
..(.......# #
(#((......#
#........#
#........#
##########


You could see an ogre.

Vanquished Creatures
  A kobold brigand (D:4)
  A scorpion (D:4)
  Jessica (D:3)
  4 adders
  3 worms
  An orc (D:3)
  10 ball pythons
  5 endoplasms
  3 giant cockroaches
  11 goblins
  3 hobgoblins
  4 jackals (D:3)
  4 quokkas
  7 bats
  3 frilled lizards
  A kobold (D:3)
  4 rats
66 creatures vanquished.

Notes
Turn   | Place    | Note
-------+----------+-------------------------------------------
     0 | D:1      | qw the Tengu Warper began the quest for the Orb.
     0 | D:1      | Reached XP level 1. HP: 12/12 MP: 4/4
     0 | D:1      | 0 ||| qw: Version: 0.1-a-89-g26bdef1
     0 | D:1      | 0 ||| qw: Game counter: 2499
     0 | D:1      | 0 ||| qw: Always use a shield: true
     0 | D:1      | 0 ||| qw: God list: Okawaru
     0 | D:1      | 0 ||| qw: Allow faded altars: false
     0 | D:1      | 0 ||| qw: Do Orc after D:15 true
     0 | D:1      | 0 ||| qw: Do second Lair branch before Depths: true
     0 | D:1      | 0 ||| qw: Lair rune preference: random
     0 | D:1      | 0 ||| qw: Plans: Normal
     0 | D:1      | 0 ||| PLANNING D:1-11
    65 | D:1      | Reached XP level 2. HP: 13/17 MP: 6/6
    71 | D:1      | Reached skill level 3 in Axes
   222 | D:1      | 222 ||| Stepping ~*~*~tactically~*~*~ (stealth).
   224 | D:1      | 224 ||| Stepping ~*~*~tactically~*~*~ (stealth).
   250 | D:1      | 250 ||| Stepping ~*~*~tactically~*~*~ (stealth).
   407 | D:1      | 407 ||| Stepping ~*~*~tactically~*~*~ (stealth).
   484 | D:1      | 484 ||| Stepping ~*~*~tactically~*~*~ (stealth).
   511 | D:1      | Reached XP level 3. HP: 21/21 MP: 7/7
   556 | D:1      | 556 ||| Stepping ~*~*~tactically~*~*~ (stealth).
   861 | D:1      | 861 ||| UPGRADING to +0 ring mail.
   871 | D:1      | 871 ||| DROPPING +0 leather armour.
   872 | D:1      | 872 ||| READING scroll labelled DEYTTEEBAE.
   873 | D:1      | 873 ||| READING scroll labelled RUFECA WERU.
   991 | D:1      | 991 ||| READING scroll labelled FANEUTHRYTSE.
   992 | D:1      | 992 ||| DRINKING 2 fizzy brown potions.
   993 | D:1      | 993 ||| DROPPING scroll of blinking.
  1029 | D:2      | Reached skill level 4 in Axes
  1029 | D:2      | 1029 ||| STAIRDANCE
  1161 | D:2      | 1161 ||| Stepping ~*~*~tactically~*~*~ (hiding).
  1182 | D:2      | 1182 ||| Stepping ~*~*~tactically~*~*~ (stealth).
  1332 | D:2      | 1332 ||| DROPPING +0 club.
  1336 | D:2      | Reached XP level 4. HP: 26/26 MP: 8/8
  1716 | D:2      | Found a faded altar of an unknown god.
  1877 | D:2      | 1877 ||| FLEEEEING.
  1883 | D:2      | 1883 ||| STAIRDANCE
  1936 | D:1      | 1936 ||| UPGRADING to +0 kite shield.
  1941 | D:1      | 1941 ||| READING scroll labelled JEPHEDDAGIL.
  1942 | D:1      | 1942 ||| READING scroll labelled GIBULO LAONA.
  1943 | D:1      | 1943 ||| READING scroll labelled HOODEI JEROUXU.
  1944 | D:1      | 1944 ||| DRINKING 2 fuming green potions.
  1944 | D:1      | Gained mutation: You have a pair of small horns on your
                  | head. [potion of mutation]
  1945 | D:1      | 1945 ||| DRINKING 3 fizzy coppery potions.
  2046 | D:3      | 2046 ||| Stepping ~*~*~tactically~*~*~ (stealth).
  2298 | D:3      | Reached skill level 1 in Shields
  2390 | D:3      | 2390 ||| Stepping ~*~*~tactically~*~*~ (stealth).
  2391 | D:3      | 2391 ||| Stepping ~*~*~tactically~*~*~ (stealth).
  2448 | D:3      | Noticed Jessica
  2449 | D:3      | 2449 ||| Stepping ~*~*~tactically~*~*~ (hiding).
  2450 | D:3      | 2450 ||| Stepping ~*~*~tactically~*~*~ (hiding).
  2456 | D:3      | Killed Jessica
  2457 | D:3      | Gained mutation: Your magical nature lets you fly swiftly
                  | and evasively. [Tengu growth]
  2457 | D:3      | Reached XP level 5. HP: 29/30 MP: 9/9
  2464 | D:3      | 2464 ||| SWAPPING to +0 hand axe of venom.
  2465 | D:3      | 2465 ||| DROPPING +0 hand axe.
  2749 | D:3      | 2749 ||| READING scroll labelled QINWERE COLI.
  2750 | D:3      | 2750 ||| DROPPING +2 mace of draining.
  2751 | D:3      | 2751 ||| DRINKING 2 puce potions.
  2752 | D:3      | 2752 ||| READING 3 scrolls of identify.
  2752 | D:3      | 2752 ||| IDENTIFYING bubbling silvery potion
  2753 | D:3      | 2753 ||| READING 2 scrolls of identify.
  2753 | D:3      | 2753 ||| IDENTIFYING silvery potion
  2754 | D:3      | 2754 ||| DROPPING potion of invisibility.
  2755 | D:3      | 2755 ||| DROPPING potion of brilliance.
  2789 | D:4      | Noticed a kobold brigand
  2801 | D:4      | HP: 7/30 [kobold brigand/+0 club (8)]
  2802 | D:4      | 2802 ||| DRINKING potion of heal wounds.
  2806 | D:4      | Killed a kobold brigand
  2807 | D:4      | Reached skill level 3 in Shields
  2807 | D:4      | 2807 ||| STAIRDANCE
  2996 | D:4      | HP: 5/30 [poisoned by a scorpion]
  2997 | D:4      | Reached skill level 5 in Axes
  2997 | D:4      | Reached XP level 6. HP: 5/35 MP: 10/10
  2997 | D:4      | 2997 ||| DRINKING 3 potions of curing.
  2997 | D:4      | 2997 ||| (to cure poison)
  3220 | D:4      | HP: 8/35 [ogre/+0 giant spiked club (27)]
  3222 | D:4      | Mangled by an ogre

Levels and vault maps discovered:
D:1:      dpeg_arrival_erosion, layout_loops_ring
D:2:      layout_loops_ring, shapermc_ecumenical_altar_mp_highgroup
D:3:      layout_basic, minmay_quadrilaterals, uniq_jessica
D:4:      layout_rooms, mainiacjoe_overflow_two_lobes,
          nicolae_overflow_two_pavilions

Skill      XL: |  1  2  3  4  5 |
---------------+----------------+-----
Axes           | 3 4 5 |  5.4
Shields        | 2 3 |  3.7
Fighting       | |  2.0
Throwing       | |  1.0
Armour         | |  1.1
Dodging        | |  2.1
Spellcasting   | |  2.0
Translocations | |  2.4

Action                   |  1- 3 |  4- 6 || total
-------------------------+-------+-------++-------
Melee: Hand axe          |    82 |    73 ||   155
       Kick              |    15 |    17 ||    32
       Peck              |     7 |     8 ||    15
       Punch             |     1 |       ||     1
       Headbutt          |       |     8 ||     8
Throw: Boomerang         |     7 |       ||     7
       Javelin           |       |    29 ||    29
  Use: Scroll            |     3 |     6 ||     9
       Potion            |     1 |     5 ||     6
Armor: Leather armour    |    19 |       ||    19
       Ring mail         |     9 |    16 ||    25
Dodge: Dodged            |    35 |    16 ||    51
Block: Kite shield       |       |    19 ||    19

Table legend:
 A = Non-vault XP
 B = Vault XP
 C = Vault XP percentage of total XP
 D = Non-vault monster count
 E = Vault monster count
 F = Vault count percentage of total count
                 A         B        C        D         E       F
            +---------+---------+-------+---------+---------+-------
      Total |     317 |      63 |  16.6 |      59 |       7 |  10.6
            +---------+---------+-------+---------+---------+-------
        D:1 |      41 |       0 |   0.0 |      26 |       0 |   0.0
        D:2 |      56 |       0 |   0.0 |      19 |       0 |   0.0
        D:3 |      34 |      63 |  64.9 |      11 |       7 |  38.9
        D:4 |     186 |       0 |   0.0 |       3 |       0 |   0.0
            +---------+---------+-------+---------+---------+-------
